Unix NetHack Version 5.0.0-0 post-release - last build Jul 14 2026 02:55:29 (1809b74e8187c3a3585e283601c3028b46cbbdcb,branch:main).

Game began 2026-07-14 16:41:10, ended 2026-07-14 17:57:46.

Coineanach, neutral male human Barbarian

                                        --------
                                        |.0..|.---
                              ----------|....0...|
                              |.......|.|0.-.0.-.|
                              |.......|.0....-...|
                              |.......|...|....-.|
                              |...<...|-.--.-....|
                              |...%...|.)...)....|
                            --|.......|(.%|...--.|
                            |.........|---|.-.%..|
                            |q|------------....---
                            |.@........``.^>...|
                            --------------------

Coineanach the Bandit      St:18/02 Dx:15 Co:18 In:8 Wi:7 Ch:7  Neutral
Dlvl:6  $:121 HP:0(95) Pw:15(15) AC:1  Xp:8 T:6947  Satiated Burdened

Latest messages:
 This pancake is delicious!
 You finish eating the pancake.
 You see here an iron wand.
 You have a little trouble lifting P - an iron wand.
 You escape a rolling boulder trap.
 What do you want to write with? [- ghkmntuxELPSUV or ?*]
 You write in the dust with an iron wand.
 #
 #
 What do you want to call? [ad-gilnosvwyzCEFHJKM-RT-WZ or ?*]
 What do you want to write with? [- ghkmntuxELPSUV or ?*]
 You write in the dust with a tin wand.
 #
 What do you want to call? [ad-gilnosvwyzCEFHJKM-RT-WZ or ?*]
 This door is locked.
 Unlock it with your key? [ynq] (q)
 You succeed in unlocking the door.
 The door opens.
 The jaguar misses!
 The jaguar hits!
 The jaguar misses!
 The ice-cold blade freezes the jaguar!
 You kill the jaguar!
 You see here a jaguar corpse.
 The ice-cold blade freezes the leocrotta!
 The leocrotta hits!
 The leocrotta bites!
 The leocrotta hits!
 The ice-cold blade freezes the leocrotta!
 The leocrotta hits!
 The leocrotta bites!
 The leocrotta hits!
 The leocrotta hits!
 The leocrotta bites!
 The leocrotta hits!
 The leocrotta hits!
 The leocrotta misses!
 The leocrotta hits!
 The leocrotta hits!
 The leocrotta bites!
 The leocrotta hits!
 The leocrotta hits!
 The leocrotta misses!
 The leocrotta hits!
 You die...
 Do you want your possessions identified? [ynq] (y)
 Do you want to see your attributes? [ynq] (y)
 Do you want an account of creatures vanquished? [ynaq] (y)
 Do you want to see your conduct and achievements? [ynq] (y)
 Do you want to see the dungeon overview? [ynq] (y)

Inventory:
 Coins    ('$')
  $ - 121 gold pieces
 Weapons  (')')
  k - 11 blessed +1 darts
  S - 4 +0 daggers (at the ready)
  h - 2 +0 orcish daggers
  L - a +0 aklys
  t - the blessed very corroded +1 Frost Brand (weapon in right hand)
 Armor    ('[')
  X - an uncursed thoroughly rusty +0 dwarvish iron helm (being worn)
  s - a cursed -2 pair of gauntlets of fumbling
  q - an uncursed thoroughly rusty +0 pair of gauntlets of power
  r - an uncursed +0 pair of elven boots (being worn)
  N - a cursed -1 pair of fumble boots
  Y - an uncursed thoroughly rusty +0 dwarvish roundshield (being worn)
  G - an uncursed +4 cloak of displacement (being worn)
  R - a blessed +1 cloak of invisibility
  I - an uncursed +0 oilskin cloak
  c - an uncursed +0 ring mail (being worn)
 Comestibles  ('%')
  D - 5 uncursed food rations
  p - 2 uncursed melons
  B - an uncursed tripe ration
  A - an uncursed lichen corpse
 Scrolls  ('?')
  T - a blessed scroll of charging
  Q - an uncursed scroll of create monster
  K - an uncursed scroll of destroy armor
  a - a blessed scroll of earth
  Z - an uncursed scroll of earth
  C - an uncursed scroll of fire
  z - an uncursed scroll of genocide
  e - an uncursed scroll of identify
  J - an uncursed scroll of remove curse
  y - a cursed scroll of remove curse
  i - an uncursed scroll of scare monster
 Potions  ('!')
  o - an uncursed potion of booze
  f - an uncursed potion of gain ability
  w - an uncursed potion of hallucination
  F - 2 uncursed potions of levitation
  d - an uncursed potion of object detection
  H - an uncursed potion of sickness
  l - an uncursed potion of water
 Rings    ('=')
  g - a cursed ring of aggravate monster
  n - an uncursed +1 ring of gain constitution
  E - a cursed -1 ring of gain strength
  V - an uncursed ring of polymorph control
 Wands    ('/')
  U - a blessed wand of create monster (0:10)
  m - a wand of digging (0:5)
  P - a wand of opening (0:6)
  u - a wand of secret door detection (0:12)
 Tools    ('(')
  b - a blessed figurine of a cockatrice
  j - an uncursed leash
  v - an uncursed skeleton key
  O - an uncursed skeleton key
  M - an uncursed partly used tallow candle
  x - an uncursed towel
  W - an uncursed wax candle

Coineanach the Barbarian's attributes:

Background:
 You were a Bandit, a level 8 male human Barbarian.
 You were neutral, on a mission for Crom
 who was opposed by Mitra (lawful) and Set (chaotic).
 You were right-handed.
 You were in Sokoban, on level 6.
 You entered the dungeon 6947 turns ago.
 There was a new moon in effect when your adventure ended.
 You had 2163 experience points, 397 more were needed to attain level 9.

Basics:
 You had 0 out of 95 hit points.
 You had all 15 energy points (spell power).
 Your armor class was 1.
 Your wallet contained 121 zorkmids.
 Autopickup was off.

Final Characteristics:
 Your strength was 18/02 (limit:18/100).
 Your dexterity was 15 (peak:16, limit:18).
 Your constitution was 18 (limit:18).
 Your intelligence was 8 (limit:18).
 Your wisdom was 7 (limit:18).
 Your charisma was 7 (limit:18).

Final Status:
 You were satiated.
 You were burdened; movement was slightly slowed.
 You were wielding a long sword.
 You were skilled in long sword.

Final Attributes:
 You were piously aligned.
 You were cold resistant.
 Your items were protected from cold.
 You were poison resistant.
 You were telepathic.
 You were displaced.
 You were stealthy.
 You were warded.
 You were fast.
 You are dead.

Miscellaneous:
 You didn't encounter any bones levels.
 Total elapsed playing time was 1 hour, 16 minutes and 32 seconds.

Major events:
 Turn
    1: Coineanach the neutral male human Barbarian entered the dungeon
  798: found Frost Brand in a shop
 1281: attained the rank of Pillager (level 3)
 2104: entered the Gnomish Mines
 2666: attained the rank of Bandit (level 6)
 3426: reached Mine Town
 5564: entered Sokoban
 5919: completed 1st Sokoban level
 6364: completed 2nd Sokoban level
 6906: completed 3rd Sokoban level
 6947: killed by a leocrotta

You didn't know any spells.

Skills:
 Fighting Skills
   bare handed combat [Basic]
   two weapon combat  [Unskilled]
   riding             [Unskilled]
 Weapon Skills
   dagger             [Unskilled]
   axe                [Basic]
   pick-axe           [Unskilled]
   short sword        [Basic]
   broadsword         [Unskilled]
   long sword         [Skilled]
   two-handed sword   [Unskilled]
   saber              [Unskilled]
   club               [Unskilled]
   mace               [Unskilled]
   morning star       [Unskilled]
   flail              [Unskilled]
   hammer             [Unskilled]
   quarterstaff       [Unskilled]
   spear              [Unskilled]
   trident            [Unskilled]
   bow                [Unskilled]
 Spellcasting Skills
   attack spells      [Unskilled]
   escape spells      [Unskilled]

Voluntary challenges:
 Character rerolling was not enabled.
 You never genocided any monsters.
 You never polymorphed an object.
 You never changed form.
 You used no wishes.
 You did not violate any of the special Sokoban rules.
Achievements:
 You entered a shop.
 You attained the rank of Pillager.
 You entered the Gnomish Mines.
 You attained the rank of Bandit.
 You entered Minetown.
 You entered a temple.
 You entered Sokoban.

 The Dungeons of Doom: levels 1 to 9
    Level 1:
       A sink, a grave.
    Level 2: "vault"
       A weapon shop, a fountain.
    Level 3:
    Level 4:
       A general store, a sink.
       Stairs down to The Gnomish Mines.
    Level 5:
    Level 6:
       Some fountains.
    Level 7:
       An armor shop, an altar.
    Level 8:
       Many fountains.
    Level 9:
       Stairs up to Sokoban, level 8.
 The Gnomish Mines: levels 5 to 7
    Level 5:
    Level 6:
    Level 7: "stash"
       Some shops, a temple and an altar, some fountains, a sink.
 Sokoban: levels 8 up to 6
    Level 6: <- You were here.
       Solved.
       Final resting place for
          you, killed by a leocrotta.
    Level 7:
       Solved.
    Level 8:
       Solved.


Vanquished creatures:
  2 stalkers
  a black naga
  2 small mimics
  a pyrolisk
  2 tengu
  a red naga
  a crocodile
  a wolf
  3 winter wolf cubs
  a spotted jelly
 an orc-captain
  a giant spider
  a scorpion
  a gnome ruler
  a dwarf mummy
  a rust monster
 an owlbear
  a dingo
  a jaguar
  a dwarf leader
  a dust vortex
  a raven
  a plains centaur
  a gnome mummy
  a snake
  a bugbear
  a water nymph
  3 rock piercers
  a yellow light
  3 violet fungi
  6 gnome leaders
  2 gnomish wizards
  a red naga hatchling
  a gray ooze
  a paper golem
  a little dog
  2 floating eyes
  7 dwarves
  a kobold leader
  a kobold shaman
  2 hill orcs
  3 rothes
  2 giant bats
  2 monkeys
  a werejackal
  2 iguanas
 an acid blob
  a gas spore
  3 hobbits
  a large kobold
  a hobgoblin
  3 giant rats
  a cave spider
  2 yellow molds
  a green mold
  a red mold
 24 gnomes
  3 geckos
  3 jackals
  2 foxes
  2 kobolds
  3 goblins
  4 sewer rats
  5 grid bugs
  4 bats
  5 lichens
  a kobold zombie
  4 newts
149 creatures vanquished.

No species were genocided or became extinct.

Game over:
                       ----------
                      /          \
                     /    REST    \
                    /      IN      \
                   /     PEACE      \
                  /                  \
                  |    Coineanach    |
                  |      121 Au      |
                  |   killed by a    |
                  |    leocrotta     |
                  |                  |
                  |                  |
                  |       2026       |
                 *|     *  *  *      | *
        _________)/\\_//(\/(/\)/\//\/|_)_______

Goodbye Coineanach the Barbarian...

You died in Sokoban on dungeon level 6 with 9181 points,
and 121 pieces of gold, after 6947 moves.
You were level 8 with a maximum of 95 hit points when you died.

